 Dungeon Crawl Stone Soup version 0.31-a0-981-geadf994542 (webtiles) character file.

Game seed: 4706271023524442772

40 senseless the Caller (level 3, -2/19 HPs)
             Began as a Tengu Summoner on Oct 31, 2023.
             Killed from afar by an orc wizard (4 damage)
             ... with a puff of flame
             ... on level 2 of the Dungeon.
             The game lasted 00:06:02 (1360 turns).

senseless the Caller (Tengu Summoner)               Turns: 1360, Time: 00:06:03

Health: -2/19      AC:  7    Str:  8    XL:     3   Next: 50%
Magic:  4/7        EV: 13    Int: 17    God:
Gold:   69         SH:  0    Dex: 14    Spells: 4/7 levels left

rFire   . . .        e - +0 short sword
rCold   . . .        (no shield)
rNeg    . . .        a - +0 robe
rPois   .            (helmet restricted)
rElec   .            (no cloak)
rCorr   .            k - +0 pair of gloves
SInv    .            (boots unavailable)
Will    .....        (no amulet)
Stlth   +            d - +4 ring of protection
HPRegen 0.23/turn    (no ring)
MPRegen 0.10/turn

%: acrobat
@: confused
A: beak, talons 3, acrobatic
a: no special abilities


You were on level 2 of the Dungeon.
You visited 1 branch of the dungeon, and saw 2 of its levels.

You collected 69 gold pieces.

Inventory:

Hand Weapons
 e - a +0 short sword (weapon)
Missiles
 c - 5 javelins
Armour
 a - a +0 robe (worn)
 k - a +0 pair of gloves (worn)
Jewellery
 d - a +4 ring of protection (left hand)
 i - an amulet of guardian spirit
Scrolls
 f - 2 scrolls of identify {unknown}
 g - a scroll of revelation {unknown}
Potions
 b - a potion of magic
 h - a potion of haste {unknown}
 j - a potion of degeneration {unknown}


   Skills:
 + Level 3.0 Dodging
 - Level 2.0 Stealth
 + Level 2.5 Spellcasting
 + Level 5.3 Summonings


You had 4 spell levels left.
You knew the following spells:

 Your Spells              Type           Power      Damage    Failure   Level
a - Summon Small Mammal   Summ           80%        N/A       1%          1
b - Call Imp              Summ           40%        N/A       3%          2

Your spell library contained the following spells:

 Spells                   Type           Power      Damage    Failure   Level
 Call Canine Familiar     Summ           20%        N/A       6%          3
 Summon Guardian Golem    Hex/Summ       11%        N/A       19%         3
 Ensorcelled Hibernation  Hex/Ice        4%         N/A       28%         2
 Passwall                 Tmut/Erth      1%         N/A       28%         2
 Swiftness                Air            2%         N/A       50%         3
 Summon Lightning Spire   Summ/Air       11%        N/A       52%         4


Dungeon Overview and Level Annotations

Branches:
Dungeon (2/15)

Altars:


Innate Abilities, Weirdness & Mutations

You have a beak for a mouth.
You have claws for feet.
You can magically evade attacks while moving or waiting.


Message History

Your cerulean imp hits the orc with a -2 spear.
You feel less confused.
Your cerulean imp barely misses the orc.
Something hits you.
The orc barely misses your cerulean imp.
You closely miss something. You claw something.
Your cerulean imp hits the orc with a -2 spear.
The orc dies!
Something hits you but does no damage. The orc hits you with a +0 flail.
You miss something. You claw something. Your punch misses something.
Something hits you but does no damage.
You barely miss something. Something hits you but does no damage.
You hit something but do no damage.
The orc hits your cerulean imp with a +0 flail!
Your cerulean imp dies!
Your cerulean imp disappears in a puff of smoke!
Something hits you but does no damage.
You miss something.
The orc shouts!
You peck something.
You hear some strange, mumbled words.
A puff of flame appears from out of thin air!
The puff of flame hits you.
You miss something. You claw something. Your peck misses something.
You hear some strange, mumbled words.
A magic dart appears from out of thin air!
The magic dart hits you.
* * * LOW HITPOINT WARNING * * *
The orc hits you with a +0 flail.
* * * LOW HITPOINT WARNING * * *
You hit the orc.
You kill the orc!
You hear some strange, mumbled words.
You are confused.
You bump into the granite statue.
Something hits you but does no damage.
You barely miss something. Your kick misses something.
You hear some strange, mumbled words.
A puff of flame appears from out of thin air!
The puff of flame hits you.
You die...

#................)#...........
#.#####.....#...######.######.
#.####..........# #..# )
#.......#.†.....# ##.# ..
#.####......#...# #.### ..
#...............# ##..###..
#.####..........# .#...#8..
#.# #.###)###### ...##.#..>.
#.# #.....##@8)#.....#.....).
#.# #####.'..{.)....[##.<#8..
#.# ##.##.8.#..... #..##.( #.#
#...##### .... #..# .# #.#
#.......# .. #... .. #.#
####...†...### ##.# # #.#
#............# ...
#.####...#..##...## #..
#..).............# ###


There were no monsters in sight!

Vanquished Creatures
  A worm (D:2)
  An orc (D:2)
  4 endoplasms (D:1)
  A giant cockroach (D:1)
  2 goblins (D:1)
  A hobgoblin (D:1)
  A kobold (D:2)
  A quokka (D:1)
  A ball python (D:2)
  2 bats
15 creatures vanquished.

Vanquished Creatures (collateral kills)
  An orc (D:2)
  2 bats (D:1)
  An endoplasm (D:1)
  2 goblins (D:2)
  2 hobgoblins
  2 kobolds (D:1)
  2 ball pythons (D:1)
  A frilled lizard (D:1)
  4 rats
17 creatures vanquished.

Grand Total: 32 creatures vanquished

Notes
Turn   | Place    | Note
-------+----------+-------------------------------------------
     0 | D:1      | senseless the Tengu Summoner began the quest for the Orb.
     0 | D:1      | Reached XP level 1. HP: 10/10 MP: 4/4
   198 | D:1      | Reached skill level 5 in Summonings
   198 | D:1      | Reached XP level 2. HP: 15/15 MP: 3/6
   254 | D:1      | Learned a level 2 spell: Call Imp
   793 | D:1      | Reached XP level 3. HP: 19/19 MP: 4/7
  1341 | D:2      | Found the +1 Delatra's gloves {ID++}
  1360 | D:2      | Killed from afar by an orc wizard

Illustrated notes

Levels and vault maps discovered:
D:1:      nagdon_arrival_zigzag_paths, layout_basic, minmay_pentomino_s2
D:2:      layout_basic, serial_rivers, chequers_serial_rivers_room_b,
          chequers_serial_rivers_large_b, chequers_serial_rivers_large_a,
          chequers_serial_rivers_room_b, ebering_ecumenical_altar_webs,
          serial_park_tiny_pond, st_stairs_6, pf_guarded_unrand_delatra

Skill      XL: |  1  2  3 |
---------------+----------+-----
Summonings     | 5 |  5.3
Dodging        | 3 |  3.0
Stealth        | |  2.0
Spellcasting   | |  2.5

Action                     || total
---------------------------++-------
  Melee: Short sword       ||    46
         Kick              ||    17
         Unarmed           ||     1
         Peck              ||     6
   Cast: Summon Small Mamm ||    17
         Call Imp          ||    19
 Armour: Robe              ||    29
  Dodge: Dodged            ||    26

Table legend: (Time is in decaauts)
 A = Elapsed time spent in this place.
 B = Non-inter-level travel time spent in this place.
 C = Inter-level travel time spent in this place.
 D = Time resting spent in this place.
 E = Time spent auto-exploring this place.
 F = Levels seen in this place.
 G = Mean time per level.
                   A        B        C        D        E       F      G
               +--------+--------+--------+--------+--------+-----+--------+
         Total |   1358 |   1275 |     83 |      0 |    906 |   2 |  679.0 |
       Dungeon |   1358 |   1275 |     83 |      0 |    906 |   2 |  679.0 |
               +--------+--------+--------+--------+--------+-----+--------+

Top non-repeatable levels by time:
     D:1: 1053 daAuts
     D:2: 304 daAuts
